AoeStats
← chengyenfa

Arabia

509430394Analyzed
1v1 RM · 7d ago on Sep 26, 2026· 27m 31s· 2 players
Game mode
Random Map
Map size
Tiny (2 player)
Population
200
Speed
Normal
Resources
Standard
Victory
Conquest
Starting age
Dark Age
Ending age
Imperial Age
RankedLock teamsTeams togetherTeam positionsShared explorationLock speedFull tech treeHidden civsTurbo modeCheats
Victory
Defeat
🇹🇼 Sicilians · Taiwan
1315
+18
🇹🇷 Cumans · Türkiye
1351
-18
chengyenfa
5:05 Loom
8:50 Feudal Age
9:35 Double-Bit Axe
10:58 Horse Collar
17:39 Fletching
19:10 Scale Mail Armor
21:42 Forging
27:23 Castle Age
26:18 Wheelbarrow
25:29 Town Watch
27:30 Padded Archer Armor
27:21 Gold Mining
28:44 Iron Casting
BoNeCoLLeCToR
5:58 Loom
8:55 Feudal Age
12:20 Man-at-Arms
Connection lost

Rejoining the realm…

Still unreachable

The connection could not be restored.

Session expired

The server has moved on; the page needs a fresh start.